 Dungeon Crawl Stone Soup version 0.29.1-12-g30fa7ad0bf (webtiles) character file.

Game seed: 14034707818803295297

81 melloss the Sneak (level 4, -3/21 HPs)
             Began as a Spriggan Enchanter on Dec 24, 2022.
             Killed by nerve-wracking pain
             ... invoked by Grinder
              (14 damage)
             ... while paralysed by Grinder
             ... on level 3 of the Dungeon.
             The game lasted 00:06:17 (2319 turns).

melloss the Sneak (Spriggan Enchanter)              Turns: 2319, Time: 00:06:17

Health: -3/21      AC:  6    Str:  4      XL:     4   Next: 20%
Magic:  9/9        EV:  4    Int: 14      God:
Gold:   67         SH:  0    Dex: 16 (17) Spells: 4/8 levels left

rFire   . . .      SeeInvis +   a - +1 dagger
rCold   . . .      Faith    .   (no shield)
rNeg    . . .      Spirit   .   b - +0 robe
rPois   .          Reflect  .   (helmet restricted)
rElec   +          Harm     .   (no cloak)
rCorr   +          Rampage  .   (gloves unavailable)
Will    .....                   (boots unavailable)
Stlth   +++.......              (no amulet)
HPRegen 0.07/turn               i - ring of resist corrosion
MPRegen 0.11/turn               j - +4 ring of protection

@: paralysed, very quick
A: very small, no large weapons, unfitting armour, see invisible, speed 3,
deterioration 1, dopey 1, electricity resistance
a: no special abilities


You were on level 3 of the Dungeon.
You visited 1 branch of the dungeon, and saw 3 of its levels.

You collected 67 gold pieces.

Inventory:

Hand Weapons
 a - a +1 dagger (weapon)
 t - a +0 rapier
Missiles
 n - 29 stones (quivered)
Armour
 b - a +0 robe (worn)
Jewellery
 i - a ring of resist corrosion (left hand)
 j - a +4 ring of protection (right hand)
 m - a ring of willpower
Wands
 r - a wand of mindburst (14)
Scrolls
 d - a scroll of summoning {unknown}
 h - a scroll of noise {unknown}
 k - a scroll of acquirement {unknown}
 l - a scroll of immolation {unknown}
 o - 2 scrolls of enchant weapon {unknown}
 p - a scroll of blinking {unknown}
 s - a scroll of teleportation {unknown}
Potions
 c - a potion of invisibility
 e - a potion of haste {unknown}
 f - a potion of brilliance
 g - a potion of curing {unknown}
 q - a potion of resistance {unknown}


   Skills:
 + Level 3.2 Short Blades
 - Level 2.6 Dodging
 + Level 6.4 Stealth
 - Level 2.6 Spellcasting
 - Level 3.6 Hexes


You had 4 spell levels left.
You knew the following spells:

 Your Spells              Type           Power      Damage    Failure   Level
a - Ensorcelled Hibernat  Hex/Ice        12%        N/A       16%         2
b - Poisonous Vapours     Pois/Air       2%         N/A       32%         2

Your spell library contained the following spells:

 Spells                   Type           Power      Damage    Failure   Level
 Confusing Touch          Hex            12%        N/A       16%         3
 Tukima's Dance           Hex            12%        N/A       16%         3
 Dazzling Flash           Conj/Hex       12%        N/A       32%         3
 Corpse Rot               Necr/Pois/Air  1%         N/A       91%         4


Dungeon Overview and Level Annotations

Branches:
Dungeon (3/15)

Altars:
Nemelex Xobeh

Shops:
D:2 [

Annotations:
D:3 Grinder


Innate Abilities, Weirdness & Mutations

You are very small and have problems with some larger weapons.
You are too small for most types of armour.
You have supernaturally acute eyesight. (SInv)
You cover ground extremely quickly. (Speed+++)
Your body sometimes deteriorates upon taking damage.
You are dopey. (Int -2)
You are resistant to electric shocks. (rElec)


Message History

Press: ? - help, Shift-Dir - straight line, f - Ijyb
Aim: Ijyb, wielding a +0 club, wearing a +0 chain mail and carrying a wand of mindburst (14) (almost dead, chance to affect: 49%) Ijyb looks drowsy...
The helpless Ijyb fails to defend herself.
You impale Ijyb!!
You kill Ijyb!
You feel your intelligence returning.
Your Short Blades skill increases to level 3!
You have reached level 4!
r - a wand of mindburst (14)
Things that are here:
a +0 club; a +0 chain mail A giant cockroach comes into view.
You see here a scroll labelled ISMAR SATOY.
s - a scroll labelled ISMAR SATOY
Found a leather armour.
The helpless giant cockroach fails to defend itself.
You impale the giant cockroach!!
You kill the giant cockroach!
o - 2 scrolls labelled QIFFOO ZOAXT (gained 1)
You start resting.
Magic restored.
You start resting.
HP restored.
Found a rapier.
Grinder comes into view.
Found 6 stones and a leather armour.
Grinder shouts!
You see here a +0 rapier.
t - a +0 rapier Grinder gestures at you.
You suddenly lose the ability to move!
Grinder hits you.
Your body deteriorates!
You feel clumsy.
You writhe in agony.
Grinder hits you but does no damage. Grinder gestures at you.
Pain shoots through your body!
Ouch! That really hurt!
You die...

#...............#
########.###..###.....#
......#.. #.###......#
.[......####..........#
......#......####.....#
..(.....##.### #.....#
#.....#..# #######
#5...## #@##.# #.##..#
..###... ..## .... .##
.....# #. ##.#.. . .##.
.


You could see Grinder.

Vanquished Creatures
  Ijyb (D:3)
  2 adders (D:2)
  A worm (D:2)
  6 bats
  5 endoplasms
  4 giant cockroaches
  2 goblins
  3 hobgoblins
  A quokka (D:2)
  2 ball pythons (D:1)
  4 kobolds
  2 rats
33 creatures vanquished.

Notes
Turn   | Place    | Note
-------+----------+-------------------------------------------
     0 | D:1      | melloss the Spriggan Enchanter began the quest for the Orb.
     0 | D:1      | Reached XP level 1. HP: 9/9 MP: 5/5
   335 | D:1      | Reached XP level 2. HP: 13/13 MP: 6/6
   338 | D:1      | Learned a level 2 spell: Ensorcelled Hibernation
   341 | D:1      | Learned a level 2 spell: Poisonous Vapours
   367 | D:1      | Reached skill level 5 in Stealth
   953 | D:2      | Found Gugox's Antique Armour Shop.
  1293 | D:2      | Found a faded altar of an unknown god.
  1350 | D:2      | Gained mutation: You are dopey. (Int -2) [potion of
                  | mutation]
  1350 | D:2      | Gained mutation: Your body sometimes deteriorates upon
                  | taking damage. [potion of mutation]
  1350 | D:2      | Gained mutation: You are resistant to electric shocks.
                  | (rElec) [potion of mutation]
  1354 | D:2      | Reached XP level 3. HP: 3/16 MP: 4/8
  1730 | D:2      | Found a sparkling altar of Nemelex Xobeh.
  1898 | D:2      | Reached skill level 6 in Stealth
  2100 | D:3      | Noticed Ijyb
  2105 | D:3      | Killed Ijyb
  2106 | D:3      | Reached XP level 4. HP: 9/21 MP: 6/9
  2310 | D:3      | Noticed Grinder
  2316 | D:3      | Paralysed by Grinder for 4 turns
  2319 | D:3      | Killed from afar by Grinder

Illustrated notes

Levels and vault maps discovered:
D:1:      minmay_arrival_checkered_box, layout_loops_ring
D:2:      layout_basic, dreamdust_ecumenical_altar_angels_and_demons,
          basic_altar, serial_shops, shop_fountains
D:3:      layout_rooms, uniq_ijyb, uniq_grinder

Skill      XL: |  1  2  3 |
---------------+----------+-----
Stealth        | 5 6 |  6.4
Short Blades   | 2 3 |  3.2
Dodging        | |  2.6
Spellcasting   | |  2.6
Hexes          | |  3.6

Action                   |  1- 3 |  4- 6 || total
-------------------------+-------+-------++-------
Melee: Dagger            |    86 |     1 ||    87
Throw: Stone             |     3 |       ||     3
 Cast: Ensorcelled Hiber |    12 |       ||    12
  Use: Potion            |     3 |       ||     3
 Stab: Sleeping          |    19 |     1 ||    20
Armor: Robe              |     6 |     1 ||     7
Dodge: Dodged            |    56 |       ||    56
